 Dungeon Crawl Stone Soup version 0.18.1-5-g4a78601 (webtiles) character file.

31 esc the Firebug (level 3, -2/20 HPs)
             Began as a Deep Elf Fire Elementalist on May 12, 2016.
             Slain by an adder (5 damage)
             ... on level 2 of the Dungeon.
             The game lasted 00:02:27 (914 turns).

esc the Firebug (Deep Elf Fire Elementalist)         Turns: 914, Time: 00:02:27

Health: -2/20      AC:  3    Str:  5    XL:     3   Next: 7%
Magic:  9/9        EV: 13    Int: 20    God:
Gold:   57         SH:  0    Dex: 15    Spells: 1 memorised, 7 levels left

rFire  . . .     SeeInvis .     d - +0 club
rCold  . . .     Gourm    .     a - +1 robe
rNeg   . . .     Faith    .     (no shield)
rPois  .         Spirit   .     (no helmet)
rElec  .         Dismiss  .     (no cloak)
rCorr  .         Reflect  .     (no gloves)
SustAt .         Harm     .     (no boots)
MR     .....                    (no amulet)
Stlth  ++........               (no ring)
                                (no ring)

@: lethally poisoned (-2 -> -12), not resistant to hostile enchantments,
unstealthy
A: no striking features
a: no special abilities


You were on level 2 of the Dungeon.
You were not hungry.

You visited 1 branch of the dungeon, and saw 2 of its levels.

You collected 57 gold pieces.

Inventory:

Hand Weapons
 d - a +0 club (weapon)
   (You took it off a goblin on level 1 of the Dungeon)
Missiles
 e - 71 stones (quivered)
 g - 3 tomahawks
Armour
 a - a +1 robe (worn)
Jewellery
 h - an uncursed amulet of guardian spirit {Spirit}
   (You found it on level 1 of the Dungeon)
Books
 b - a book of Flames
Comestibles
 c - 2 bread rations {@e1}
 f - 2 chunks of flesh {@w0}


   Skills:
 + Level 1.2 Fighting
 + Level 2.6 Dodging
 - Level 2.4 Stealth
 + Level 3.4 Spellcasting
 + Level 1.7 Conjurations
 + Level 3.5 Fire Magic


You had 7 spell levels left.
You knew the following spells:

 Your Spells              Type           Power        Failure   Level  Hunger
a - Flame Tongue          Conj/Fire      ##...        6%          1    None


Dungeon Overview and Level Annotations

Branches:
Dungeon (2/15)

Altars:


Message History

Health restored: 16 You regained 6 mp, and now have 7/8 mp.
The bat is too close now for your liking.
Aim: a bat The flame tongue hits the bat.
You kill the bat!
You now have 6/8 mp.
You see here a bat corpse.
You butcher the bat corpse.
f - a chunk of flesh {@w0} A bat comes into view.
MP restored: 8
Aim: a bat The flame tongue hits the bat.
You kill the bat!
You now have 7/8 mp.
You see here a bat corpse.
You butcher the bat corpse.
f - 2 chunks of flesh {@w0} (gained 1)
e - 71 stones (gained 19)
Found a stone staircase leading down.
MP restored: 8 An ooze comes into view.
You can't go down here!
Aim: an ooze (resting)
The flame tongue hits the ooze.
The ooze quivers.
You now have 7/8 mp.
Aim: an ooze (lightly wounded)
The flame tongue hits the ooze.
The ooze hits you but does no damage.
You now have 6/8 mp.
Aim: an ooze (severely wounded)
The flame tongue hits the ooze.
You kill the ooze!
You have reached level 3!
Your experience leads to an increase in your attributes!
Increase (S)trength, (I)ntelligence, or (D)exterity?
You feel clever.
Health restored: 20 You now have 5/9 mp.
There is a stone staircase leading down here.
You climb downwards.
A rat comes into view.
Found a stone staircase leading up and a stone staircase leading down.
There is a stone staircase leading up here.
Aim: a rat (resting)
The flame tongue hits the rat.
You now have 5/9 mp.
Aim: a rat (severely wounded)
The flame tongue hits the rat.
You kill the rat!
You now have 4/9 mp.
You now have 57 gold pieces (gained 12).
A bat comes into view.
You regained 3 mp, and now have 7/9 mp.
You hit the bat. The bat hits you but does no damage.
Aim: a bat (severely wounded)
The flame tongue hits the bat.
You kill the bat!
You now have 6/9 mp.
You start resting.
MP restored: 9 An adder comes into view.
An ooze comes into view.
A dart slug comes into view.
The adder bites you.
You take 2 damage, and have 18/20 hp.
A kobold comes into view. It is wielding a short sword.
The adder bites you.
You are poisoned.
The adder poisons you! The adder bites you.
You are more poisoned.
The adder poisons you!
You take 5 damage, and have 13/20 hp.
MASSIVE DAMAGE!!
You feel sick.
You take 1 damage, and have 12/20 hp.
You feel sick. The adder barely misses you.
You feel sick.
You take 1 damage, and have 11/20 hp.
You feel sick.
You take 1 damage, and have 10/20 hp.
You aren't carrying any potions.
Unknown command.
You feel sick. The adder bites you but does no damage.
You take 1 damage, and have 9/20 hp.
You feel sick. The adder misses you.
You take 1 damage, and have 8/20 hp.
You feel sick.
You take 1 damage, and have 7/20 hp.
You feel sick. The adder completely misses you.
You take 1 damage, and have 6/20 hp.
You feel sick. The adder bites you.
* * * LOW HITPOINT WARNING * * *
You are more poisoned.
The adder poisons you!
You take 3 damage, and have 3/20 hp.
A worm comes into view.
The adder bites you.
You die...

###### #....# #....#
#..$.#
#....#############
#....#...........#
#######....#.###.#####.#
.......@S..+........>#.#
...........#.###.#.#.#.#
.............# #.#.#.#.#
........####.###.....#.#
w.......###......#.#.#.#
....................<...
#...........#.######.#..
#...........#.# #.......
..........#.. ####.<##


You could see a worm (sleeping) and an adder.

Vanquished Creatures
  An ooze (D:1)
  A ball python (D:1)
  5 bats
  2 giant cockroaches (D:1)
  5 goblins (D:1)
  A hobgoblin (D:1)
  5 kobolds (D:1)
  2 giant newts (D:1)
  2 rats
24 creatures vanquished.

Notes
Turn   | Place    | Note
--------------------------------------------------------------
     0 | D:1      | esc the Deep Elf Fire Elementalist began the quest for the Orb.
     0 | D:1      | Reached XP level 1. HP: 10/10 MP: 6/6
   218 | D:1      | Reached XP level 2. HP: 16/16 MP: 4/8
   698 | D:1      | Reached skill level 1 in Fighting
   830 | D:1      | Reached XP level 3. HP: 20/20 MP: 5/9
   913 | D:2      | HP: 5/20 [poisoned by an adder]
   914 | D:2      | Slain by an adder

Skill      XL: |  1  2 |
---------------+-------+-----
Fighting       | 1 |  1.2
Dodging        | |  2.6
Stealth        | |  2.4
Spellcasting   | |  3.4
Conjurations   | |  1.7
Fire Magic     | |  3.5

Action                   || total
-------------------------++-------
Melee: Club              ||     9
 Cast: Flame Tongue      ||    35
  Use: Scroll            ||     5
Armor: Robe              ||     8
Dodge: Dodged            ||    15

Vault maps used:
D:1:      minmay_arrival_widening_spiral_wide, st_stairs_1,
          lexackson_kobold_supper
D:2:      minmay_overflow_temple_star_quad, uniq_natasha

Table legend:
 A = Turns spent in this place as a percentage of turns spent in the entire game.
 B = Non-inter-level travel turns spent in this place as a percentage of non-inter-level travel turns spent in the entire game.
 C = Inter-level travel turns spent in this place as a percentage of turns spent in this place.
 D = Turns resting spent in this place as a percentage of non-inter-level travel turns spent in this place.
 E = Turns spent auto-exploring this place as a percentage of non-inter-level travel turns spent in this place.
 F = Non-inter-level travel turns spent in this place divided by the number of levels of this place that you've seen.
                   A       B       C       D       E      F
               +-------+-------+-------+-------+-------+----------------------
         Total | 100.0 | 100.0 |   0.5 |   3.9 |  10.7 | 103.0
       Dungeon | 100.0 | 100.0 |   0.5 |   3.9 |  10.7 | 103.0
               +-------+-------+-------+-------+-------+----------------------

Table legend:
 A = Kills in this place as a percentage of kills in entire the game.
 B = Kills by you in this place as a percentage of kills by you in the entire game.
 C = Kills by friends in this place as a percentage of kills by friends in the entire game.
 D = Other kills in this place as a percentage of other kills in the entire game.
 E = Experience gained in this place as a percentage of experience gained in the entire game.
 F = Experience gained in this place divided by the number of levels of this place that you have seen.
                   A       B       C       D       E      F
               +-------+-------+-------+-------+-------+----------------------
         Total | 100.0 | 100.0 |  -nan |  -nan | 100.0 |  22.5
       Dungeon | 100.0 | 100.0 |  -nan |  -nan | 100.0 |  22.5
               +-------+-------+-------+-------+-------+----------------------
